 Dungeon Crawl Stone Soup version 0.22.1-1-ga44c0e5 (webtiles) character file.

1264 amgonnakillyou the Sneak (level 8, 61/61 HPs)
             Began as a Formicid Transmuter on Sept 24, 2018.
             Was a Follower of Cheibriados.
             Quit the game on level 6 of the Dungeon on Sept 25, 2018.
             The game lasted 01:20:59 (7122 turns).

amgonnakillyou the Sneak (Formicid Transmuter)      Turns: 7122, Time: 01:21:00

Health: 61/61      AC: 11    Str: 20    XL:     8   Next: 82%
Magic:  0/13       EV: 10    Int: 16    God:    Cheibriados [*.....]
Gold:   25         SH:  0    Dex: 14    Spells: 3/14 levels left

rFire    + . .     SeeInvis +   O - +0 dagger (venom)
rCold    x . .     Gourm    .   (no shield)
rNeg     + . .     Faith    .   A - +0 scale mail
rPois    .         Spirit   +   (helmet unavailable)
rElec    .         Reflect  .   x - +0 cloak
rCorr    .         Harm     .   C - +2 pair of gloves
MR       .....                  (no boots)
Stlth    ++........             R - amulet of guardian spirit
HPRegen  0.20/turn              G - ring of positive energy
MPRegen  0.13/turn              H - ring of fire

@: very slow
A: permanent stasis, dig shafts and tunnels, four strong arms, antennae 3
a: Dig, Shaft Self, Bend Time, Renounce Religion


You were on level 6 of the Dungeon.
You worshipped Cheibriados.
Cheibriados was aware of your devotion.
You were not hungry.

You visited 2 branches of the dungeon, and saw 7 of its levels.

You collected 161 gold pieces.
You spent 136 gold pieces at shops.

Inventory:

Hand Weapons
 e - a +0 dagger
 f - a +0 short sword
 i - a +0 whip
 j - a +0 hunting sling
 q - a +2 dagger of electrocution
 r - a +0 rapier
 u - a +1 dagger of electrocution
 w - a +2 quarterstaff of chaos
 y - a +0 mace
 O - a +0 dagger of venom (weapon)
Missiles
 a - 29 arrows
 c - 214 stones
 g - 71 bolts
 l - 17 poisoned needles
 M - 6 curare-tipped needles
 N - a tomahawk (quivered)
Armour
 x - a +0 cloak (worn)
 A - a +0 scale mail (worn)
 C - a +2 pair of gloves (worn)
Magical Staves
 F - an uncursed staff of earth
Jewellery
 o - a cursed -2 ring of strength
 G - a ring of positive energy (left hand)
 H - a ring of fire (right hand)
 R - an amulet of guardian spirit (around neck)
Wands
 b - a wand of disintegration (13)
 v - a wand of iceblast (15)
Scrolls
 h - 2 scrolls of fear
 m - 6 scrolls of remove curse
 n - a scroll of noise {unknown}
 p - 3 scrolls of magic mapping
 s - 2 scrolls of enchant weapon {unknown}
 B - 4 scrolls of teleportation {unknown}
 E - 2 scrolls of immolation {unknown}
 I - a scroll of fog {unknown}
 K - a scroll of identify
 P - a scroll of amnesia {unknown}
Potions
 k - a potion of mutation {unknown}
 t - 2 potions of curing
 z - 3 potions of degeneration {unknown}
 D - 2 potions of ambrosia {unknown}
 J - 2 potions of might {unknown}
 L - a potion of heal wounds {unknown}
Comestibles
 d - 11 rations
 Q - 2 chunks of flesh


   Skills:
 * Level 4.8 Fighting
 - Level 0.6 Maces & Flails
 - Level 2.0 Throwing
 * Level 4.1 Armour
 - Level 1.7 Dodging
 * Level 5.4 Stealth
 - Level 3.0 Unarmed Combat
 + Level 3.8 Spellcasting
 * Level 5.2 Transmutations
 + Level 3.0 Poison Magic
 + Level 1.4 Invocations


You had 3 spell levels left.
You knew the following spells:

 Your Spells              Type           Power        Failure   Level  Hunger
a - Beastly Appendage     Tmut           ###...       6%          1    None
b - Sticks to Snakes      Tmut           ###.....     9%          2    ##.....
c - Spider Form           Tmut/Pois      ###.......   26%         3    ###....
d - Blade Hands           Tmut           ###.......   85%         5    ######.

Your spell library contained the following spells:

 Spells                   Type           Power        Failure   Level  Hunger
 Ice Form                 Ice/Tmut       ##......     86%         4    ####...


Dungeon Overview and Level Annotations

Branches:
Dungeon (6/15)             Temple (1/1) D:4

Altars:
Cheibriados
Dithmenos
Elyvilon
Gozag
Kikubaaqudgha
Makhleb
Okawaru
Qazlal
Sif Muna
Trog
Uskayaw
Xom
Yredelemnul
The Shining One

Shops:
D:4 *


Innate Abilities, Weirdness & Mutations

You cannot be hasted, slowed, berserked, paralysed or teleported.
You can dig through walls and to a lower floor.
Your four strong arms can wield two-handed weapons with a shield.
You have a pair of large antennae on your head. (SInv)


Message History

Found a stone staircase leading up. (m)acro, (M)acro raw, keymap [(k) default, (x) level-map, (t)argeting, Input macro trigger key: a Current Action: za Do you wish to (r)edefine, (c)lear, or (a)bort?
Cleared macro 'a' => 'za'.
HP restored.
R - a dented diamond amulet
Found a scroll of identify.
K - 2 scrolls of identify (gained 1)
As you read the scroll of identify, it crumbles to dust.
R - an uncursed amulet of guardian spirit You feel your power drawn to a protective spirit.
R - an amulet of guardian spirit (around neck) Unknown command.
Save game and exit?
Welcome back, amgonnakillyou the Formicid Transmuter.
Cheibriados says: Take it easy.
Press ? for a list of commands and other information.
Are you sure you want to abandon this character and quit the game? (Confirm

#..#.... $
.###...##### .# # .#
#..... ... .# .#
#.#.## #.. .#
.###....###.#### #.##
.##..# .....# ...## #
.....# # #.##.# ....#
#
.##..###.##.##.##....#
#
.###............@..#.#
# .#
#.#.#.##.##.#####.###
# .# #.#.#.##.##.#
#.....# # .#
#.#.#.......#
#.....#### # ##
#.#<####.####
#........ ...### #.#.#
#.# #.....# #....
#.#.# #.#
##.....##########
#.#.# #.# #...........
# #>#.#
#.#####..#.######. #


There were no monsters in sight!

Vanquished Creatures
  Grinder (D:5)
  A sky beast (D:6)
  2 ice beasts (D:5)
  2 bullfrogs (D:6)
  A scorpion (D:5)
  A water moccasin skeleton (D:4)
  A howler monkey (D:4)
  3 crimson imps
  Terence (D:2)
  2 orc wizards (D:6)
  A worker ant (D:4)
  2 worker ant zombies (D:5)
  13 adders
  3 gnolls
  A shadow imp (D:6)
  An adder skeleton (D:5)
  6 worms
  2 dart slugs (D:2)
  6 leopard geckos
  8 orcs
  5 bats (D:1)
  5 giant cockroaches
  5 goblins
  3 hobgoblins
  4 jackals
  11 kobolds
  5 quokkas
  3 ball pythons
  5 frilled lizards
  A jackal skeleton (D:4)
  A jackal zombie (D:6)
  A leopard gecko skeleton (D:4)
  A leopard gecko zombie (D:6)
  13 rats
121 creatures vanquished.

Vanquished Creatures (collateral kills)
  Crazy Yiuf (D:2)
  Ijyb (D:3)
  A hobgoblin (D:3)
  2 jackals (D:4)
  2 ball pythons
7 creatures vanquished.

Grand Total: 128 creatures vanquished

Notes
Turn   | Place    | Note
-------+----------+-------------------------------------------
     0 | D:1      | amgonnakillyou the Formicid Transmuter began the quest for
                  | the Orb.
     0 | D:1      | Reached XP level 1. HP: 15/15 MP: 3/3
   241 | D:1      | Reached XP level 2. HP: 11/21 MP: 1/5
   245 | D:1      | Learned a level 2 spell: Sticks to Snakes
   794 | D:1      | Reached skill level 1 in Stealth
   794 | D:1      | Reached XP level 3. HP: 21/27 MP: 4/6
  1612 | D:1      | Learned a level 3 spell: Spider Form
  1915 | D:2      | Reached skill level 1 in Armour
  1931 | D:2      | Reached XP level 4. HP: 20/33 MP: 5/7
  2064 | D:2      | Noticed Terence
  2383 | D:2      | Reached skill level 1 in Throwing
  2399 | D:2      | Reached XP level 5. HP: 32/39 MP: 8/8
  2611 | D:2      | Found a runed door.
  2615 | D:2      | Noticed Crazy Yiuf
  2624 | D:2      | Killed Crazy Yiuf
  2811 | D:2      | Killed Terence
  3260 | D:3      | Reached XP level 6. HP: 46/46 MP: 8/10
  3401 | D:3      | Noticed Ijyb
  3437 | D:3      | Killed Ijyb
  4310 | D:4      | Found a staircase to the Ecumenical Temple.
  4331 | D:4      | Reached skill level 1 in Poison Magic
  4346 | Temple   | Entered the Ecumenical Temple
  4374 | Temple   | Became a worshipper of Cheibriados the Contemplative
  4423 | D:4      | Found a sand-covered staircase.
  4917 | D:4      | Reached XP level 7. HP: 44/52 MP: 9/11
  5051 | D:4      | Found Nisuc's Assorted Antiques.
  5054 | D:4      | Bought a scroll of fear for 56 gold pieces
  5054 | D:4      | Bought a knobbly jade ring for 80 gold pieces
  5115 | D:4      | Reached * piety under Cheibriados
  5165 | D:5      | Entered Level 5 of the Dungeon
  5449 | D:5      | Noticed Grinder
  5461 | D:5      | Killed Grinder
  5611 | D:5      | Reached XP level 8. HP: 41/60 MP: 11/13
  5770 | D:5      | Found a hide-covered altar of Uskayaw.
  6379 | D:6      | Reached skill level 5 in Stealth
  6551 | D:6      | Reached skill level 1 in Invocations
  6630 | D:6      | Reached skill level 5 in Transmutations
  6654 | D:6      | Found a white marble altar of Elyvilon.
  6992 | D:6      | Learned a level 5 spell: Blade Hands
  7122 | D:6      | Quit the game

Skill      XL: |  1  2  3  4  5  6  7  8 |
---------------+-------------------------+-----
Stealth        | 1 2 3 4 5 |  5.4
Fighting       | 2 3 4 |  4.8
Armour         | 1 2 3 4 |  4.1
Throwing       | 1 2 |  2.0
Transmutations | 3 4 5 |  5.2
Spellcasting   | 3 |  3.8
Poison Magic   | 1 2 3 |  3.0
Invocations    | 1 |  1.4
Maces & Flails | |  0.6
Dodging        | |  1.7
Unarmed Combat | |  3.0

Action                   |  1- 3 |  4- 6 |  7- 9 || total
-------------------------+-------+-------+-------++-------
Melee: Unarmed           |    17 |    16 |    25 ||    58
       Dagger            |    19 |    63 |    69 ||   151
       Kick              |     8 |    20 |    37 ||    65
       Whip              |    80 |       |       ||    80
       Rapier            |     2 |     1 |       ||     3
       Punch             |     2 |     3 |     1 ||     6
       Quarterstaff      |       |    47 |       ||    47
       Staff             |       |       |    72 ||    72
Throw: Stone             |     6 |     7 |    40 ||    53
       Tomahawk          |    21 |    77 |    25 ||   123
 Cast: Beastly Appendage |    16 |    30 |    23 ||    69
       Sticks to Snakes  |     4 |     5 |     4 ||    13
       Spider Form       |       |     3 |     4 ||     7
Invok: Bend Time         |       |       |     2 ||     2
 Abil: Dig               |       |       |     3 ||     3
Evoke: Wand              |       |     1 |       ||     1
  Use: Scroll            |     3 |     3 |     1 ||     7
       Potion            |       |     1 |     1 ||     2
 Stab: Sleeping          |     1 |     1 |       ||     2
       Distracted        |       |       |     1 ||     1
  Eat: Chunk             |     4 |     9 |     1 ||    14
       Ration            |       |     1 |     1 ||     2
Armor: Robe              |    26 |     7 |       ||    33
       Scale mail        |       |    38 |    78 ||   116
       Skin              |       |       |     3 ||     3
Dodge: Dodged            |    87 |    85 |    88 ||   260
